 Dungeon Crawl Stone Soup version 0.29-a0-322-g68df515428 (webtiles) character file.

Game seed: 12982189531949933877

4 GigaChad the Ruffian (level 1, -1/16 HPs)
             Began as a Draconian Transmuter on Apr 6, 2022.
             Slain by a kobold
             ... wielding a +4 short sword of venom
              (4 damage)
             ... on level 1 of the Dungeon.
             The game lasted 00:00:21 (75 turns).

GigaChad the Ruffian (Draconian Transmuter)           Turns: 75, Time: 00:00:21

Health: -1/16      AC:  4    Str: 12    XL:     1   Next: 58%
Magic:  3/3        EV: 12    Int: 13    God:
Gold:   9          SH:  0    Dex: 11    Spells: 3/4 levels left

rFire   . . .      SeeInvis .     - Unarmed
rCold   . . .      Faith    .   (no shield)
rNeg    . . .      Spirit   .   (body armour unavailable)
rPois   .          Reflect  .   (helmet restricted)
rElec   .          Harm     .   (no cloak)
rCorr   .          Rampage  .   (no gloves)
Will    .....                   (no boots)
Stlth   +.........              (no amulet)
HPRegen 0.05/turn               (no ring)
MPRegen 0.08/turn               (no ring)

@: lethally poisoned (-1 -> -13)
A: AC +4, unfitting armour, cold-blooded
a: no special abilities


You were on level 1 of the Dungeon.
You visited 1 branch of the dungeon, and saw 1 of its levels.

You collected 9 gold pieces.

Inventory:

Missiles
 b - 5 javelins
Potions
 a - a potion of lignification


   Skills:
 + Level 1.1 Fighting
 + Level 1.8 Dodging
 + Level 3.2 Unarmed Combat
 + Level 2.0 Spellcasting
 + Level 2.0 Transmutations


You had 3 spell levels left.
You knew the following spells:

 Your Spells              Type           Power      Damage    Failure   Level
a - Beastly Appendage     Tmut           12%        N/A       11%         1

Your spell library contained the following spells:

 Spells                   Type           Power      Damage    Failure   Level
 Wereblood                Tmut           6%         N/A       17%         2
 Spider Form              Tmut/Pois      4%         N/A       45%         3
 Ice Form                 Ice/Tmut       4%         N/A       86%         4


Dungeon Overview and Level Annotations

Branches:
Dungeon (1/15)

Altars:

Shops:
D:1 (


Innate Abilities, Weirdness & Mutations

Your plain brown scales are hard. (AC +4)
You cannot fit into any form of body armour.
You are cold-blooded and may be slowed by cold attacks.


Message History

You barely miss the rat. The rat barely misses you.
You barely miss the rat. The rat bites you but does no damage.
You hit the rat but do no damage. The rat barely misses you.
You hit the rat.
You kill the rat!
You hit the rat but do no damage.
Your tail-slap misses the rat.
The rat misses you.
You hit the rat but do no damage. You tail-slap the rat.
You kill the rat!
You see here a rat corpse.
You see here 5 javelins.
b - 5 javelins You now have 9 gold pieces.
You see here a rat corpse.
There is an open door here.
There is an open door here.
A bat comes into view.
Found 2 scrolls labelled OHEZYI QOIRUU.
The bat barely misses you.
You hit the bat.
The bat is severely wounded.
The bat misses you.
You hit the bat.
You kill the bat!
Found a fuming dark potion.
Found Riqerr's Antique Weapon Emporium.
You see here a bat corpse.
A kobold comes into view.
It is wielding a +4 short sword of venom.
The kobold hits you with a +4 short sword of venom.
The kobold hits you with a +4 short sword of venom.
You are poisoned.
The kobold attacks as you move away!
The kobold hits you with a +4 short sword of venom.
You are lethally poisoned!
You feel very sick.
You see here 2 scrolls labelled OHEZYI QOIRUU.
You barely miss the kobold. You tail-slap the kobold.
The kobold is severely wounded.
* * * LOW HITPOINT WARNING * * *
You feel very sick.
The kobold hits you with a +4 short sword of venom.
You die...

#. .# #.. #.# #.#
#..# #..#
#..######
##≈.≈##+#....... .
#≈≈.≈≈........##..
#≈≈∩≈≈............
#≈≈≈≈≈.K......##..
..≈≈≈..@..........
####...........#..
#!.............
#######†####...
####......# #
###..#......#
#....'......#
.....#<.########
... #..'.###


You could see a kobold.

Vanquished Creatures
  A bat (D:1)
  5 rats (D:1)
6 creatures vanquished.

Notes
Turn   | Place    | Note
-------+----------+-------------------------------------------
     0 | D:1      | GigaChad the Draconian Transmuter began the quest for the
                  | Orb.
     0 | D:1      | Reached XP level 1. HP: 16/16 MP: 3/3
    66 | D:1      | Found Riqerr's Antique Weapon Emporium.
    75 | D:1      | Slain by a kobold

Illustrated notes

Levels and vault maps discovered:
D:1:      dpeg_arrival_ratfight, layout_basic, serial_shops, shop,
          nicolae_shop_waterfront, shop, amcnicky_mini_pool_small

Action                   || total
-------------------------++-------
Melee: Unarmed           ||    14
       Tailslap          ||     5
Armor: Skin              ||     1
Dodge: Dodged            ||     8

Table legend: (Time is in decaauts)
 A = Elapsed time spent in this place.
 B = Non-inter-level travel time spent in this place.
 C = Inter-level travel time spent in this place.
 D = Time resting spent in this place.
 E = Time spent auto-exploring this place.
 F = Levels seen in this place.
 G = Mean time per level.
                   A        B        C        D        E       F      G
               +--------+--------+--------+--------+--------+-----+--------+
         Total |     74 |     74 |      0 |      0 |      0 |   1 |   74.0 |
       Dungeon |     74 |     74 |      0 |      0 |      0 |   1 |   74.0 |
               +--------+--------+--------+--------+--------+-----+--------+

Top non-repeatable levels by time:
     D:1: 74 daAuts
